[Event "European Women-ch 2023"]
[Site "Petrovac"]
[Date "2023.03.27"]
[Round "9.3"]
[White "Mayrhuber, Nikola"]
[Black "Ismayil, Malak"]
[Result "1-0"]
[ECO "D35"]
[WhiteElo "2162"]
[BlackElo "2011"]
[Annotator "TA"]
[PlyCount "67"]
[EventDate "2023.03.15"]
[EventType "swiss"]
[EventCountry "MNE"]
[SourceTitle "playchess.com"]
[Source "ChessBase"]
[SourceQuality "1"]
[TimeControl "40/5400+30:1800+30"]

1. d4 d5 2. c4 e6 3. Nc3 Nf6 4. cxd5 exd5 5. Bg5 c6 6. e3 Bd6 7. Bd3 O-O 8. Nge2 {[%emt 0:05:04] D35: Queen's Gambit Declined: Exchange Variation.} Re8 9. Qd2 {[%emt 0:03:46] [#]} a5 $146 ({Predecessor:} 9... Nbd7 10. Ng3 Nf8 11. Nf5 Bc7 12. g4 Ng6 13. Qc2 h6 14. Bxf6 Qxf6 15. O-O-O Nh4 {0-1 Lodici,L (2553)-Escalante Ramirez,B (2496) Olympiad-44 Chennai 2022 (11.3)}) 10. f3 {[%emt 0:03:21][%cal Bf2f3,Bf3e4,Be4e5][%mdl 32] The position is equal.} b5 11. e4 b4 12. Na4 dxe4 (12... h6 $2 13. Bxf6 Qxf6 14. Nb6 $18) 13. fxe4 Be7 {[%emt 0:02:31] [#]} (13... h6 $2 14. Bxf6 Qxf6 15. Nb6 $18) (13... Nbd7 $1 $11 {keeps the balance.}) 14. e5 $1 $16 {[%emt 0:19:17] Hoping for Bxf6.} Nfd7 15. Be3 {[%emt 0:11:40] White has more active pieces.} (15. Bxe7 $16 Rxe7 16. O-O) 15... Ba6 $14 16. Be4 (16. Rd1 $5) 16... Bb5 17. Qc2 h6 (17... Bh4+ $11 18. g3 Bg5 19. Bxg5 (19. Bxh7+ Kh8 $15) 19... Qxg5) 18. O-O Bg5 19. Bxg5 Qxg5 20. Rf3 {[%emt 0:00:03] Repels Qe3+} (20. Qb3 $6 Nf6 21. Bf3 (21. exf6 $2 Rxe4 22. fxg7 Qxg7 $19) 21... Nbd7 $11) 20... Na6 21. Ng3 {[%emt 0:01:02] Nf5 is the strong threat.} (21. Bxc6 $2 Rac8 22. Bxd7 Rxc2 $19) (21. Nf4 $5 ) 21... g6 {[%emt 0:04:14] Prevents Nf5.} ({Black should try} 21... Rad8 $1 $14) 22. Rd1 {[%emt 0:07:12] And now h4 would win.} (22. Bxc6 $2 Rec8 23. d5 Nxe5 $19) 22... Nf8 (22... Re6 $16 {is a better defense.}) 23. Nb6 $18 (23. Bxc6 Rac8 24. d5 Qxe5 $14) 23... Rad8 24. Bxc6 (24. Qb3 Ne6 $15) 24... Bxc6 (24... b3 $16 25. Rxb3 (25. axb3 $2 {is the wrong capture.} Nb4 $19 {[%mdl 64] Deflection, Double Attack}) 25... Bxc6) 25. Qxc6 Rxe5 26. Qb7 (26. Rdf1 $18 {has better winning chances.} Re6 27. Qc4 (27. Qb7 Qe7 $16)) 26... Nb8 $2 (26... Qe7 $16 {is more resistant.} 27. Qxa6 Re6 28. Qxa5 Qb7) 27. Qxf7+ Kh8 28. Rdf1 (28. Nd5 $142 {White threatens Nf6 and mate.} Rexd5 29. Ne4) 28... Ree8 $2 {[%emt 0:00:16] [#]} (28... Re7 29. Qc4 (29. Qxf8+ Rxf8 30. Rxf8+ Kg7 $11) 29... Nh7) 29. Ne4 $1 {[%emt 0:03:20][%mdl 512] White is clearly winning.} Qe7 30. Qxe7 {[%emt 0:00:46][%mdl 64] Remove Defender, Deflection} Rxe7 {[%emt 0:00:05] Black is weak on the dark squares} 31. Rxf8+ Rxf8 32. Rxf8+ Kg7 33. Rxb8 Rxe4 34. d5 {[%emt 0:00:33] A cool game by Mayrhuber.   Weighted Error Value: White=0.44/Black=0.53} 1-0

[Event "European Women-ch 2023"]
[Site "Petrovac"]
[Date "2023.03.27"]
[Round "9.4"]
[White "Guichard, Pauline"]
[Black "Daulyte-Cornette, Deimante"]
[Result "1-0"]
[ECO "D38"]
[WhiteElo "2379"]
[BlackElo "2344"]
[Annotator "TA"]
[PlyCount "89"]
[EventDate "2023.03.15"]
[EventType "swiss"]
[EventCountry "MNE"]
[SourceTitle "playchess.com"]
[Source "ChessBase"]
[SourceQuality "1"]
[TimeControl "40/5400+30:1800+30"]

1. d4 d5 2. c4 e6 3. Nf3 Nf6 4. Nc3 Bb4 5. Qa4+ Nc6 6. e3 O-O 7. Bd2 Re8 {[%emt 0:03:56] D38: Queen's Gambit Declined: Ragozin Defence (4 Nf3 Bb4).} 8. a3 Bf8 9. Be2 a6 {[%emt 0:02:53] White has an edge.} 10. O-O h6 11. Rad1 Bd7 {[%emt 0:31:17][%cal Oc6d4] White must now prevent ...Nxd4!} 12. Qc2 {[%emt 0:01:06] [#]} Bd6 $146 {[%emt 0:00:14] Prevents Ne5.} (12... dxc4 $1 $11 13. Bxc4 Bd6) ({Predecessor:} 12... Ne7 13. Ne5 dxc4 14. Bxc4 c5 15. Ne4 Nxe4 16. Qxe4 cxd4 17. Qxb7 Ba4 18. b3 Bb5 {½-½ Nowak,L (2370)-Kosakowski,J (2475) POL-ch sf Karpacz 2022 (2)}) 13. c5 $16 Bf8 14. Ne5 Nxe5 15. dxe5 Ne4 16. Nxe4 dxe4 17. Ba5 {[%emt 0:00:48] aiming for c6.} Qc8 18. Qxe4 Bxc5 19. Bd3 g6 20. Rc1 Bc6 21. Qf4 Qd7 (21... b6 $16) 22. Rfd1 $1 $36 {[%emt 0:06:36][%mdl 2048] White is in control.} (22. Rxc5 $6 Qxd3 23. Qxh6 Rad8 $16) (22. Qxh6 $2 Bf8 23. Qf4 Qxd3 $19) 22... Qd5 $2 {[%emt 0:00:26] [#]} (22... Qe7 $16 {keeps fighting.} 23. Qxh6 Rad8) 23. Qg3 $2 {[%emt 0:03:45] Active counter play!} (23. Bf1 $1 $18 {and the rest is easy.} Bxe3 24. Qxe3 Qxa5 25. b4) 23... b6 $2 (23... Bf8 $16 24. Bxc7 Qb3) 24. Bb1 Qb3 (24... Qxg2+ 25. Qxg2 Bxg2) 25. Bc2 Qa2 {[%emt 0:01:33] [#]} 26. Bxg6 $1 {[%emt 0:00:44][%mdl 576] Demolition} fxg6 27. Qxg6+ Kh8 28. Qxh6+ Kg8 29. Qg5+ Kf8 30. Qf4+ (30. Bb4 $142 {Rd4 would kill now.} Qb3 31. Rd4) 30... Kg8 31. Qg4+ Kf8 32. Bd2 Ke7 (32... Red8 $142 33. e4 Rd4 34. Bh6+ Ke8) 33. Bb4 (33. Rxc5 $142 {[%cal Od2b4] Threatening mate with Bb4!} Kd7 34. Qg7+ {[%mdl 64] Skewer} Re7 35. Ba5+ Qd5 36. Rdxd5+ exd5 37. Qg4+ Re6 38. Rxc6 {[%mdl 64] Pin}) 33... Rg8 (33... Red8 $142 34. Qh4+ Ke8 35. Qh8+ Ke7 36. Qg7+ Ke8 37. Qh8+ (37. Qxc7 Ba4 $16) 37... Ke7 38. Qh7+ Kf8 39. Qh8+ Ke7) 34. Qh4+ Ke8 35. Qh5+ Kf8 36. Qh6+ Rg7 37. Rd4 $4 (37. Bxc5+ $18 {was the only winning move.} Kg8 38. Be7 Rxg2+ 39. Kf1) 37... Kg8 $1 $19 (37... Bxg2 $2 38. Rd7 (38. Bxc5+ Kg8 $11) 38... Bxb4 39. Qxg7+ Ke8 40. Qf7#) 38. Rh4 (38. Rdc4 {is a better defense.} Rxg2+ 39. Kf1) 38... Rxg2+ (38... Qxb2 $2 39. Qh8+ Kf7 40. Rf4+ Ke7 41. Bxc5+ Kd7 42. Qxg7+ $18) 39. Kf1 {[%emt 0:00:01][%cal Bg1f1,Bf1e1,Be1e2][%mdl 32] [#]} Rxf2+ $3 {[%emt 0:00:08][%mdl 576] Double Attack} 40. Ke1 {[%emt 0:00:00] [#] White wants to mate with Qg6+.} Re2+ $4 41. Kxe2 Qxb2+ 42. Bd2 Bb5+ 43. Ke1 Qxe5 44. Qh7+ Kf8 45. Qh8+ {[%emt 0:01:03] A brilliant game!   Weighted Error Value: White=0.84/Black=0.62} (45. Rg4 $142 Ke8 46. Rxc5 Qxc5 47. Rg8+ Qf8 48. Rxf8+ Kxf8 49. Bc3 e5 50. Bxe5) 1-0

[Event "European Women-ch 2023"]
[Site "Petrovac"]
[Date "2023.03.27"]
[Round "9.4"]
[White "Gaponenko, Inna"]
[Black "Schulze, Lara"]
[Result "1-0"]
[ECO "C78"]
[WhiteElo "2349"]
[BlackElo "2277"]
[Annotator "TA"]
[PlyCount "115"]
[EventDate "2023.03.15"]
[EventType "swiss"]
[EventCountry "MNE"]
[SourceTitle "playchess.com"]
[Source "ChessBase"]
[SourceQuality "1"]
[TimeControl "40/5400+30:1800+30"]

1. e4 e5 2. Nf3 Nc6 3. Bb5 a6 4. Ba4 Nf6 5. O-O Bc5 6. c3 b5 7. Bb3 d6 8. d4 Bb6 9. Be3 O-O 10. Nbd2 h6 11. h3 Re8 12. Re1 {[%emt 0:01:06] C78: Ruy Lopez: Archangelsk and Möller Defences.} exd4 13. cxd4 Nb4 (13... Nxe4 $2 14. Nxe4 (14. Bd5 Nxd2 15. Nxd2 Bb7 $16) 14... Rxe4 15. Bd5 Rxe3 16. Rxe3 $18 (16. fxe3 Qe8 $16)) 14. Qb1 (14. Qe2 $14) 14... c5 $1 $11 15. a3 {[%emt 0:42:11] dxc5 would be deadly.} Nc6 16. d5 {[%emt 0:00:02] [#]} Nd4 $146 ({Predecessor:} 16... Ne7 17. Nf1 Ng6 18. Ng3 c4 19. Bc2 Bd7 20. b3 Rc8 21. b4 a5 22. Bxb6 Qxb6 23. bxa5 Qxa5 {1-0 Vokhidov,S (2529)-Kuybokarov,T (2549) Asian Hybrid 2021 (8)}) 17. Bd1 Nxf3+ 18. Bxf3 c4 19. b3 cxb3 20. Nxb3 Nd7 21. a4 Ne5 {[%emt 0:03:57] Strongly threatening ...Nxf3+.} 22. Bd1 (22. axb5 $2 Nxf3+ 23. gxf3 Bxh3 $19) 22... bxa4 23. Nd4 {[%emt 0:00:43] aiming for Nc6.} Nc4 $2 (23... Rb8 $1 $11 {and Black is okay.}) 24. Nc6 $18 ({Worse is} 24. Rxa4 Nxe3 25. fxe3 Bc5 $17) 24... Qc7 25. Bxb6 ({And not} 25. Rxa4 Nxe3 26. fxe3 Bd7 $15) ({Stronger than} 25. Bxa4 Bxe3 26. Qc2 (26. fxe3 Nd2 $11) 26... Bxf2+ 27. Kxf2 Nb6 $11) (25. Bf4 $142 $1) 25... Qxb6 26. Bxa4 {[%emt 0:04:37][%cal Oc6a5] Threatens to win with Na5!} Bd7 $2 (26... Nb2 $16 {was necessary.} 27. Bc2 Nc4 28. Qxb6 Nxb6) 27. Qc2 (27. Qa2 $142) 27... Ne5 28. Reb1 Qc7 (28... Qc5) 29. Nxe5 $2 (29. Ne7+ $18 Rxe7 30. Qxc7) 29... Qxc2 $16 30. Bxc2 dxe5 31. Bd3 {[%emt 0:01:35] Inhibits Bb5.} (31. Ra5 $16) 31... a5 $1 $14 32. Rb7 Red8 33. Bc4 Kf8 34. f3 Ke8 {[%emt 0:01:10] [#]} (34... a4 $11) 35. Bb5 $1 $36 {[%emt 0:00:31][%mdl 2048] White is on the roll. White is much more active.} a4 {[%emt 0:01:46] [#]} (35... g5 $16) 36. Rxd7 $1 $18 Rxd7 37. Rxa4 Rb8 38. Bxd7+ Kxd7 {[%emt 0:00:10][%mdl 4096] Endgame KR-KR} 39. Ra7+ Ke8 40. h4 ({White should play} 40. Kh2 $18) 40... Rb2 $2 (40... h5 $16 {might work better.} 41. Ra2 Rb3) 41. h5 Rd2 42. Kh2 Rb2 (42... Kf8 $142 43. Kg3 Ke8) 43. Kh3 Rf2 44. Rc7 Kf8 (44... Ra2 $142 45. g3 Rb2) 45. d6 Ke8 46. Re7+ Kf8 47. Rxe5 {[%emt 0:00:15] Threatening mate with d7.} Rd2 48. Rd5 {[%emt 0:00:13] White mates.} Rxd5 49. exd5 {[%emt 0:00:03] KP-KP} Ke8 50. Kg4 Kd7 51. Kf5 Kxd6 52. Ke4 Kd7 53. Ke5 Ke7 54. g4 Kd7 55. f4 Ke7 56. g5 Kd7 57. gxh6 gxh6 58. Ke4 {[%emt 0:00:02] Weighted Error Value: White=0.25 (precise) /Black=0.39} 1-0

[Event "European Women-ch 2023"]
[Site "Petrovac"]
[Date "2023.03.27"]
[Round "9.4"]
[White "Spalir, Monika"]
[Black "Shuqja, Klean"]
[Result "1/2-1/2"]
[ECO "B01"]
[WhiteElo "2125"]
[BlackElo "1884"]
[Annotator "TA"]
[PlyCount "81"]
[EventDate "2023.03.15"]
[EventType "swiss"]
[EventCountry "MNE"]
[SourceTitle "playchess.com"]
[Source "ChessBase"]
[SourceQuality "1"]
[TimeControl "40/5400+30:1800+30"]

1. e4 d5 2. exd5 Qxd5 3. Nc3 Qd8 4. d4 Nf6 5. Nf3 Bg4 6. h3 Bxf3 {[%emt 0:00:04] B01: Scandinavian Defence.} 7. Qxf3 (7. gxf3 e6 $11) 7... c6 8. Be3 e6 {[%emt 0:00:04] White is slightly better.} 9. Bd3 Qa5 10. O-O {[%emt 0:01:35] [#]} Be7 $146 ({Predecessor:} 10... Nbd7 11. a3 Be7 12. Ne2 O-O 13. c4 Rfe8 14. Nc3 Rad8 15. Rfd1 Qc7 16. Rac1 a5 {½-½ Xiong,J (2473)-Iotov,V (2579) Dallas UT-USA Juniors 2015 (4.2)}) 11. a3 Qc7 12. Rfe1 O-O 13. Bf4 Bd6 14. Bg5 {[%emt 0:02:01] White has more active pieces. A strong pair of Bishops.} Nbd7 15. Ne4 Nxe4 16. Qxe4 g6 17. h4 Rfe8 {[%emt 0:05:52] [#]} 18. h5 $1 Be7 (18... Qa5 19. Qh4) 19. Bxe7 Rxe7 20. Qh4 {[%emt 0:00:21] Repels Nf6} Ree8 21. Re3 {[%emt 0:14:40] Hoping for hxg6.} Qd8 22. Qg3 {[%emt 0:00:12][%cal Rh5g6] hxg6 would be deadly.} Qf6 23. Rd1 Rac8 (23... Qxd4 $2 24. Be2 Qxb2 25. Rxd7 $18) 24. Rf3 Qg7 25. Qf4 e5 (25... g5 {is more complex.} 26. h6 gxf4 27. hxg7 e5) 26. Qh4 e4 27. Bxe4 {[%emt 0:02:09] [#]} (27. h6 $1 $11 {was the only way to keep the balance.} Qxd4 {[%mdl 64] Pin, Double Attack} 28. Rxf7 {[%mdl 64] Decoy} Kxf7 29. Bc4+ (29. Be2 Qe5 $17) 29... Qxc4 30. Rxd7+ Ke6 31. Qg4+ Ke5 32. f4+ Kf6 33. Qg5+ Ke6 34. Qg4+ Kf6 35. Qg5+ Ke6 36. Qg4+ Kf6) 27... g5 $1 $36 {[%emt 0:00:39][%mdl 2048] Black has strong initiative.} 28. Bxh7+ Kxh7 $19 29. Qg4 Rcd8 30. Rf1 Re6 31. Qf5+ Kh6 32. Qa5 b6 33. Qxa7 f6 ({Don't play} 33... Qxd4 $6 34. Rd3 (34. Rxf7 Nf6 $17) 34... Qxb2 35. Rxd7 Rxd7 36. Qxd7 $11) (33... Kxh5 34. Qc7 Qf8 35. Rh3+ (35. Qg3 $2 Kg6 $19) 35... Kg6 36. f4 $11) 34. Qa6 Rde8 (34... Kxh5 $2 35. Qd3 g4 36. Qf5+ Kh6 37. Rg3 $18 (37. Qxe6 gxf3 38. Qh3+ Kg6 $11)) 35. Qd3 Qh7 (35... Kxh5 $2 {gets mated.} 36. Rh3+ Kg4 37. Qf3#) 36. Qc3 (36. Qxh7+ $17 Kxh7 37. Rc3) 36... Qe4 (36... Kxh5 $2 37. Rh3+ Kg6 38. Qd3+ f5 39. Rxh7 $18) (36... b5 $19 {White must now prevent ...Nb6.} 37. Qb3 R8e7) 37. Re3 $17 Qf5 38. Rf3 (38. Rfe1 $17) 38... Qe4 39. Re3 Qh7 ({Better is} 39... Qf4 $17 40. Qd3 f5) 40. Rd3 $2 (40. Rf3 $1 $11 {and White stays safe.}) 40... Qe4 (40... Kxh5 $2 41. Rh3+ Kg6 42. Qd3+ {[%mdl 64] Skewer} f5 43. Rxh7 $18) 41. Re3 {[%emt 0:07:36] Weighted Error Value: White=0.27 (precise) /Black=0.28 (precise)} 1/2-1/2

[Event "European Women-ch 2023"]
[Site "Petrovac"]
[Date "2023.03.27"]
[Round "9.5"]
[White "Osmak, Yuliia"]
[Black "Buksa, Nataliya"]
[Result "0-1"]
[ECO "D35"]
[WhiteElo "2445"]
[BlackElo "2405"]
[Annotator "TA"]
[PlyCount "114"]
[EventDate "2023.03.15"]
[EventType "swiss"]
[EventCountry "MNE"]
[SourceTitle "playchess.com"]
[Source "ChessBase"]
[SourceQuality "1"]
[TimeControl "40/5400+30:1800+30"]

1. d4 d5 2. c4 e6 3. Nf3 Nf6 4. Nc3 Nbd7 5. Bf4 Bb4 6. cxd5 exd5 7. e3 Ne4 {[%emt 0:01:35] 7...c5 is not played anymore. D35: Queen's Gambit Declined: Exchange Variation.} 8. Qc2 g5 9. Be5 {[%emt 0:01:10] [#]} Rg8 $146 {[%emt 0:00:05] The position is equal.} ({Predecessor:} 9... f6 10. Bg3 h5 11. h4 g4 12. Ng1 Nxg3 13. fxg3 Qe7 14. Kf2 Nb6 15. Bd3 Be6 {1-0 Indjic,A (2631)-Kravtsiv,M (2598) Speed Chess Q2 blitz 2022 (8)}) 10. Bd3 Bxc3+ 11. bxc3 g4 $1 12. Bxe4 dxe4 13. Qxe4 {[%emt 0:04:08] Hoping for Bf6+.} Qe7 {[%emt 0:00:28] Against Bf6} 14. Qxh7 Rf8 15. Nd2 Nxe5 16. dxe5 Bd7 17. Qe4 O-O-O 18. Nb3 {[%emt 0:17:01] Threatens to win with Na5.} Bc6 (18... f5 $5 19. Qf4 Rde8 $14) 19. Qf4 Kb8 20. O-O ({Not} 20. Qxg4 Rg8 21. Qf4 Bxg2 $17) 20... Rd5 21. Nd4 Bd7 22. Qf6 Qxe5 23. Qxe5 Rxe5 24. Ne2 Bb5 25. Rfe1 Rc5 26. Rac1 a5 27. a3 Rh8 28. Nf4 {[%emt 0:05:56] Repels Rch5} Rd8 29. e4 Rd2 30. Nd5 Bd7 31. c4 ({White should try} 31. Rcd1 $14 Rb2 32. Nf6) 31... Rd3 $11 32. Re3 $2 {[%emt 0:00:31] This costs White the game.} (32. h4 $11 {and White stays safe.} gxh3 33. Re3 Rxe3 34. Nxe3) 32... Rxc4 $1 $19 {[%emt 0:00:07][%mdl 64] Deflection, Back Rank} 33. Rf1 (33. Rb1 $142 Rxe3 34. fxe3) 33... Rxe3 $1 34. fxe3 {[%emt 0:00:03][%mdl 4096] Endgame [#] KRB-KRN} Be6 ({Stronger than} 34... Rxe4 35. Nf6 Re7 36. Nxd7+ Rxd7 37. Kf2 $17) 35. Nf4 Rxe4 36. Nxe6 (36. Kf2 {was necessary.}) 36... fxe6 {[%emt 0:00:05] KR-KR} ({Weaker is} 36... Rxe6 37. Rf5 $17) 37. Kf2 b5 38. Rb1 c6 {[%emt 0:00:13] Black is clearly winning.} 39. h4 (39. Rh1 $142 Ra4 40. Kg3) 39... gxh3 40. gxh3 Kc7 41. Kf3 Ra4 42. Rh1 Rxa3 {[%emt 0:08:01] ...Rd3 would be deadly.} 43. h4 Rd3 44. h5 Rd7 45. h6 Rh7 46. Ke4 Kd6 {[%emt 0:03:46] White must now prevent ...a4.} 47. Kd4 e5+ 48. Ke4 c5 49. Rh5 a4 50. Kd3 a3 51. Kc2 c4 52. Kc3 Kc6 53. e4 Kb6 54. Rxe5 Rxh6 55. Kb4 a2 56. Rxb5+ {[%emt 0:00:23] [#]} Ka7 $1 57. Ra5+ Ra6 {[%emt 0:00:03] Weighted Error Value: White=0.49/Black=0.05 (flawless)} 0-1

[Event "European Women-ch 2023"]
[Site "Petrovac"]
[Date "2023.03.27"]
[Round "9.5"]
[White "Toncheva, Nadya"]
[Black "Brunello, Marina"]
[Result "1-0"]
[ECO "B22"]
[WhiteElo "2192"]
[BlackElo "2346"]
[Annotator "TA"]
[PlyCount "77"]
[EventDate "2023.03.15"]
[EventType "swiss"]
[EventCountry "MNE"]
[SourceTitle "playchess.com"]
[Source "ChessBase"]
[SourceQuality "1"]
[TimeControl "40/5400+30:1800+30"]

1. e4 c5 2. c3 Nf6 3. e5 Nd5 4. Nf3 e6 5. Bc4 d6 6. d4 cxd4 7. cxd4 Be7 8. O-O {[%emt 0:00:06] B22: Sicilian: 2 c3.} O-O 9. Qe2 Nd7 10. Bxd5 {[%emt 0:00:31] The position is equal.} exd5 11. Nc3 Nb6 12. Bf4 {[%emt 0:00:06] [#]} Be6 $146 ({Predecessor:} 12... Re8 13. Rfe1 dxe5 14. Nxe5 Be6 15. Rac1 Rc8 16. Qb5 Bf5 17. h3 f6 18. Ng4 Qd7 {½-½ Grachev,A (2366)-Tsvetkov,A (2384) RUS-ch U20 Sochi 2022 (4)}) 13. Nb5 dxe5 14. dxe5 a6 15. Nbd4 Na4 16. Be3 Bg4 17. h3 Bh5 18. Nf5 {[%emt 0:03:55] Black must now prevent Qc2.} (18. g4 $5 Bg6 $8 19. Nf5 $11) 18... Re8 {[%emt 0:05:49] Black is weak on the dark squares} 19. Rad1 Bf8 (19... Rc8 $14) 20. g4 $16 Bg6 {[%emt 0:00:03] [#]} 21. Nd6 $1 $36 {[%emt 0:02:48][%mdl 2048] White is really pushing. White is much more active.} Re6 (21... Bxd6 $16 22. Rxd5 {[%mdl 64] Pin} Rc8) 22. Rxd5 $18 (22. Nxb7 $6 Qb8 23. Rd4 Qxb7 $11) 22... Nb6 23. Bxb6 (23. Nxb7 $2 {is the wrong capture.} Qxd5 24. Bxb6 Rxb6 $19) 23... Qxb6 24. Nd4 Re7 25. N4f5 {[%emt 0:01:10] Excellent horsemanship.} Rc7 26. Rfd1 h6 27. h4 Qb4 (27... Qc6 {was called for.} 28. h5 Bh7) 28. Ne3 Rd8 (28... Kh8 $142 29. b3 Qc3) 29. R5d4 Qc5 30. Rd5 (30. h5 $18 Bc2 31. R1d2) 30... Qc6 $2 (30... Qb4 $1 $11 {and Black stays safe.}) 31. h5 Bh7 32. Qd2 Rcd7 (32... b6 $142 33. a3 Qa4) 33. Qd4 Be7 $2 {[%emt 0:04:44] This move loses the game for Black.} (33... f6 $16) 34. Ndf5 {[%emt 0:03:24] White is clearly winning.} Bxf5 {[%emt 0:02:01] [#]} 35. Nxf5 Bc5 (35... Rxd5 36. Nxe7+) 36. Rxd7 ({Worse is} 36. Rxc5 Rxd4 37. Rxd4 Qxc5 $17) 36... Rxd7 37. Qxd7 Qf3 38. Ne7+ Bxe7 39. Qc8+ {[%emt 0:00:05] Weighted Error Value: White=0.28 (precise) /Black=0.54} 1-0

[Event "European Women-ch 2023"]
[Site "Petrovac"]
[Date "2023.03.27"]
[Round "9.5"]
[White "Walter, Ema"]
[Black "Allahverdiyeva, Ayan"]
[Result "1-0"]
[ECO "B52"]
[WhiteElo "2048"]
[BlackElo "2124"]
[Annotator "TA"]
[PlyCount "109"]
[EventDate "2023.03.15"]
[EventType "swiss"]
[EventCountry "MNE"]
[SourceTitle "playchess.com"]
[Source "ChessBase"]
[SourceQuality "1"]
[TimeControl "40/5400+30:1800+30"]

1. e4 c5 2. Nf3 d6 3. Bb5+ Bd7 4. Bxd7+ Qxd7 5. c4 Nf6 6. Nc3 g6 7. d4 cxd4 8. Nxd4 Bg7 9. f3 O-O 10. Be3 Rc8 11. b3 a6 12. O-O Nc6 13. Na4 {[%emt 0:05:01] B52: Sicilian: Moscow Variation with 3...Bd7.} Qd8 {[%emt 0:00:23] Prevents Nb6.} 14. Rc1 Nd7 15. Qd2 {[%emt 0:07:48] The position is equal.} Nxd4 16. Bxd4 b5 {[%emt 0:00:00] [#]} 17. Bxg7 $146 ({Predecessor:} 17. cxb5 axb5 18. Nb2 Rxa2 19. Bxg7 Kxg7 20. Rxc8 Qxc8 21. Rc1 Qa6 22. Rc2 Ra3 23. Qc3+ {0-1 Gawiec,P (2024)-Calvo,R (2219) FRA Accession 020 email 2014}) 17... Kxg7 18. cxb5 axb5 19. Nc3 Kg8 20. Qg5 Rc5 21. Nd5 e6 22. Qxd8+ Rxd8 23. Nb4 Kf8 24. Nd3 Rxc1 25. Rxc1 $11 {[%emt 0:00:11][%mdl 4096] Endgame KRN-KRN} Ra8 (25... d5 $5 ) 26. Rc7 Ke8 27. Nb4 f6 28. Kf2 Rb8 29. Rc6 {[%emt 0:06:46] White is more active.} Ke7 30. Ke3 Rb6 {[%emt 0:01:50] [#]} (30... f5 $16 {was worth a try.}) 31. Rc8 ({White should play} 31. Rxb6 $1 $18 Nxb6 32. Nc6+ Kd7 33. Nd4) 31... h5 32. f4 f5 33. Nc6+ Kf7 34. e5 (34. Rc7 $14 Ke8 35. exf5) 34... dxe5 35. fxe5 {[%emt 0:00:26] With the idea Rc7.} g5 $1 36. Kd4 b4 37. g3 Rb5 38. Kc4 Rd5 {[%emt 0:00:09] [#] White must now prevent ...Nb6+.} 39. Rc7 f4 (39... Rd1 $11 40. Nd8+ (40. Kxb4 f4 $15) 40... Ke7 41. Nc6+ Kf7 42. Nd8+ (42. Kxb4 f4 $15) 42... Ke7 43. Nc6+ Kf7) 40. gxf4 $16 (40. Kxb4 $2 f3 41. Na5 Rd1 $19) 40... gxf4 41. Nxb4 (41. Kxb4 $2 {too greedy.} f3 42. Na5 f2 $19) 41... Rd1 {[%emt 0:00:11] Threatens to win with ...Rc1+.} 42. Nd3 {[%emt 0:01:42] Wards off Rc1+} Ke8 {[%emt 0:00:04] aiming for ...f3.} 43. Kd4 (43. Nxf4 $2 {perishes.} Rc1+ 44. Kd4 Rxc7 $19) 43... Nb6 $2 {[%emt 0:03:09] This costs Black the game.} (43... Kd8 $2 44. Rc2 $16) (43... Rd2 $16) 44. Rc6 $18 Nd5 (44... Nd7 $142) 45. Rxe6+ {[%emt 0:00:42] White is clearly winning.} Kf7 (45... Ne7 $142 46. h3 h4) 46. Kxd5 {[%emt 0:00:19] Hoping for Rf6+.} Rxd3+ {[%emt 0:00:05] KR-KR} 47. Ke4 Rd2 48. Rf6+ Ke7 49. a4 Rb2 50. Rb6 {[%emt 0:00:14] And now a5 would win.} Rf2 (50... Rxh2 $142 51. a5 Ra2) 51. a5 Rf1 52. b4 f3 53. Ke3 Kd7 54. e6+ Kc7 55. h4 {[%emt 0:00:35] Weighted Error Value: White=0.17 (very precise) /Black=0.39} 1-0

[Event "European Women-ch 2023"]
[Site "Petrovac"]
[Date "2023.03.27"]
[Round "9.6"]
[White "Socko, Monika"]
[Black "Melia, Salome"]
[Result "1/2-1/2"]
[ECO "D30"]
[WhiteElo "2432"]
[BlackElo "2366"]
[Annotator "TA"]
[PlyCount "80"]
[EventDate "2023.03.15"]
[EventType "swiss"]
[EventCountry "MNE"]
[SourceTitle "playchess.com"]
[Source "ChessBase"]
[SourceQuality "1"]
[TimeControl "40/5400+30:1800+30"]

1. d4 d5 2. c4 e6 3. Nf3 h6 4. g3 Nf6 5. Bg2 Bd6 6. O-O {[%emt 0:00:48] D30: Queen's Gambit Declined: Systems without Nc3.} O-O 7. Nc3 Nc6 8. c5 {[%emt 0:12:28] White is slightly better.} Be7 9. a3 Ne4 {[%emt 0:15:11] [#]} 10. Qd3 $146 ({Predecessor:} 10. Qc2 f5 11. b4 Bf6 12. Rd1 Bd7 13. Bb2 Qe7 14. e3 b6 15. Rab1 Rfb8 16. Bf1 bxc5 17. bxc5 {½-½ Standke,W (2513)-Rynkevich,S (2378) EU-chT8 fin email 2012 [5]}) 10... f5 11. b4 Bf6 12. Bb2 Bd7 13. Rad1 Be8 (13... b5 $5 ) 14. e3 a6 15. Ne2 b6 16. Nf4 Qc8 17. cxb6 cxb6 {[%emt 0:01:07] Strongly threatening ...g5.} 18. Rc1 g5 19. Ne2 Qb8 {[%emt 0:03:08] Prevents Ne5.} 20. Rc2 Ne7 (20... g4 21. Nd2 $11) 21. Ne5 (21. Nc3 $15) 21... Bb5 $17 22. Qb3 Bxe5 23. Bxe4 (23. dxe5 $17 {was forced.} Bc4 24. Rxc4) 23... fxe4 $19 ({Wrong is} 23... Bxg3 $2 24. Bd3 Bxd3 25. Qxd3 Bxh2+ 26. Kg2 $19) 24. dxe5 {[%emt 0:00:05] [#] White is weak on the light squares} Qe8 $1 25. Qa2 $2 (25. Rd2 {is more resistant.}) 25... Qh5 26. Bd4 Ng6 {[%emt 0:05:09][%cal Og6h4] ...Nh4! is the strong threat.} 27. Rfc1 Qf3 28. Nc3 Bc4 29. Qb2 {[%emt 0:00:04] [#]} Nh4 $1 30. gxh4 Qg4+ 31. Kh1 {[%emt 0:00:01] And now f4 would win.} Qf3+ $40 {[%emt 0:00:10][%mdl 128] Black is up to no good.} 32. Kg1 gxh4 {[%emt 0:00:22] Black mates.} 33. h3 Kh8 34. Nxe4 Rg8+ 35. Ng3 hxg3 36. fxg3 Rxg3+ 37. Rg2 Rag8 ({Inferior is} 37... Rxh3 38. Qf2 $17) ({Don't go for} 37... Be2 $2 38. Qxe2 Rxg2+ 39. Qxg2 $19) 38. Rcc2 Qf1+ 39. Kh2 {[%emt 0:00:03] [#]} Rxh3+ $3 {[%emt 0:00:26][%mdl 576] Decoy} 40. Kxh3 Qh1+ {[%emt 0:00:00] A fantastic game!   Weighted Error Value: White=0.63/Black=0.14 (very precise)} 1/2-1/2